 Dungeon Crawl Stone Soup version 0.25.1-11-g244df3a29b (webtiles) character file.

Game seed: 5510551239232206968

513006 kate the Hoplite (level 26, -1/191 HPs)
             Began as a Formicid Fighter on Sept 13, 2022.
             Was the Champion of Hepliaklqana.
             Blown up by a cacodemon (27 damage)
             ... with a bolt of energy
             ... on level 7 of a ziggurat on Sept 14, 2022.
             The game lasted 04:03:23 (50200 turns).

kate the Hoplite (Formicid Fighter)                Turns: 50200, Time: 04:03:23

Health: -1/191     AC: 36    Str: 33 (34) XL:     26   Next: 40%
Magic:  23/23      EV: 13    Int: 15      God:    Hepliaklqana [******]
Gold:   2393       SH: 29    Dex: 15      Spells: 28/28 levels left

rFire    + + .     SeeInvis +   N - +7 bardiche (distort)
rCold    . . .     Gourm    .   Y - +5 kite shield {rF+}
rNeg     . . .     Faith    .   F - +10 plate armour {rF+}
rPois    .         Spirit   .   (helmet unavailable)
rElec    +         Reflect  +   I - +0 cloak of the End {rElec Regen+ Int-3 Dex+4}
rCorr    +         Harm     .   s - +2 pair of gloves
MR       +++..                  M - +2 pair of boots of Valour {Regen+ rCorr}
Stlth    +.........             i - amulet of reflection
HPRegen  1.21/turn              g - ring "Heonewit" {MR+ Str+6 Stlth+}
MPRegen  0.18/turn              J - ring of Gurph {+Fly Str+4 Int+6}

@: stab
A: permanent stasis, dig shafts and tunnels, four strong arms, reduced essence,
antennae 3, talons 1, clumsy 1, dopey 1, low mp 1, sense surroundings 1, wild
magic 1, MP-powered wands
}: 3/15 runes: decaying, serpentine, silver
a: Dig, Shaft Self, Recall Ancestor, Ancestor Identity, Transference, Idealise,
Renounce Religion, Evoke Flight


You were on level 7 of a ziggurat.
You worshipped Hepliaklqana.
Hepliaklqana was exalted by your worship.
You were hungry.

You visited 7 branches of the dungeon, and saw 38 of its levels.
You visited the Abyss 1 time.
You visited 1 ziggurat, and saw 7 of its levels.
You also visited: Gauntlet.

You collected 5688 gold pieces.
You spent 3295 gold pieces at shops.

Inventory:

Hand Weapons
 o - the +4 arbalest "Uweberchi" {vorpal, rF+}
   (You found it on level 1 of the Vaults)

   Any bolt fired from it inflicts extra damage.
   It protects you from fire.
 D - a +9 glaive of electrocution
 N - a +7 bardiche of distortion (weapon)
Missiles
 v - 79 poisoned darts (quivered)
 G - 40 curare-tipped darts
 Q - 6 atropa-tipped darts
Armour
 s - a +2 pair of gloves (worn)
 y - a scarf of invisibility
 F - a +10 plate armour of fire resistance (worn)
 I - the +0 cloak of the End (worn) {rElec Regen+ Int-3 Dex+4}
   (You found it on level 11 of the Dungeon)

   It affects your intelligence (-3).
   It affects your dexterity (+4).
   It insulates you from electricity.
   It increases your rate of regeneration.
 M - the +2 pair of boots of Valour (worn) {Regen+ rCorr}
   (You found it on level 5 of the Vaults)

   It increases your rate of regeneration.
   It provides partial protection from all sources of acid and corrosion.
 Y - a +5 kite shield of fire resistance (worn)
Jewellery
 g - the ring "Heonewit" (left hand) {MR+ Str+6 Stlth+}
   (You found it on level 11 of the Dungeon)

   [ring of strength]

   It affects your strength (+6).
   It affects your resistance to hostile enchantments.
   It makes you more stealthy.
 i - an amulet of reflection (around neck)
 m - an uncursed amulet of guardian spirit
 J - the ring of Gurph (right hand) {+Fly Str+4 Int+6}
   (You bought it in a shop on level 1 of the Depths)

   [ring of intelligence]

   It affects your strength (+4).
   It affects your intelligence (+6).
   It lets you fly.
Wands
 c - a wand of digging (11)
 e - a wand of disintegration (27)
 k - a wand of iceblast (25)
 l - a wand of acid (33)
 z - a wand of flame (70)
 E - a wand of paralysis (25)
 S - a wand of clouds (4)
 T - a wand of polymorph (14)
 V - a wand of random effects (28)
Scrolls
 r - 26 scrolls of remove curse
 t - 3 scrolls of holy word
 H - 12 scrolls of fear
 L - 3 scrolls of magic mapping
 P - 25 scrolls of identify
 R - a scroll of enchant armour
Potions
 b - 3 potions of magic
 n - 6 potions of flight
 p - 5 potions of resistance
 q - 4 potions of ambrosia
 u - 5 potions of lignification
 w - 4 potions of stabbing
 B - 2 potions of cancellation
 C - 4 potions of invisibility
 K - 4 potions of brilliance
Miscellaneous
 x - 2 phantom mirrors
 A - 2 boxes of beasts
 W - a lightning rod (3/4)
Comestibles
 f - 70 rations


   Skills:
 + Level 18.7 Fighting
   Level 5.5(6.2) Short Blades
   Level 4.2(5.5) Long Blades
   Level 2.3 Maces & Flails
 + Level 23.2 Polearms
 + Level 6.9 Throwing
 + Level 16.1 Armour
 + Level 6.9 Dodging
 + Level 10.5 Stealth
 + Level 25.4 Shields
 + Level 1.4 Unarmed Combat
 + Level 1.8 Spellcasting
 + Level 3.6 Invocations
 + Level 4.1 Evocations


You had 28 spell levels left.
You didn't know any spells.
Your spell library contained the following spells:

 Spells                   Type           Power        Failure   Level  Hunger
 Animate Skeleton         Necr           N/A          77%         1    ##.....
 Apportation              Tloc           #.....       77%         1    ##.....
 Beastly Appendage        Tmut           #.....       77%         1    ##.....
 Foxfire                  Conj/Fire      #...         77%         1    ##.....
 Freeze                   Ice            #...         77%         1    ##.....
 Infusion                 Chrm           #...         77%         1    ##.....
 Magic Dart               Conj           #...         77%         1    ##.....
 Pain                     Necr           #...         77%         1    ##.....
 Sandblast                Erth           #.....       77%         1    ##.....
 Shock                    Conj/Air       #...         77%         1    ##.....
 Summon Butterflies       Summ           #.......     77%         1    ##.....
 Ensorcelled Hibernation  Hex/Ice        #.....       88%         2    ###....
 Passwall                 Tmut/Erth      #.......     88%         2    ###....
 Poisonous Vapours        Pois/Air       #.....       88%         2    ###....
 Searing Ray              Conj           #.....       88%         2    ###....
 Shroud of Golubria       Chrm/Tloc      #.....       88%         2    ###....
 Song of Slaying          Chrm           #.......     88%         2    ###....
 Sticks to Snakes         Tmut           #.......     88%         2    ###....
 Sublimation of Blood     Necr           #.........   88%         2    ###....
 Conjure Flame            Conj/Fire      #.......     98%         3    ####...
 Dazzling Flash           Conj/Hex       #.....       98%         3    ####...
 Ignite Poison            Fire/Tmut/Pois #.......     98%         3    ####...
 Inner Flame              Hex/Fire       #.......     98%         3    ####...
 Lesser Beckoning         Tloc           #.........   98%         3    ####...
 Ozocubu's Armour         Chrm/Ice       #.......     98%         3    ####...
 Recall                   Summ/Tloc      N/A          98%         3    ####...
 Spectral Weapon          Hex/Chrm       #.......     98%         3    ####...
 Spider Form              Tmut/Pois      #.........   98%         3    ####...
 Stone Arrow              Conj/Erth      #.....       98%         3    ####...
 Teleport Other           Tloc           #.......     98%         3    ####...
 Tukima's Dance           Hex            #.......     98%         3    ####...
 Vampiric Draining        Necr           #.........   98%         3    ####...
 Animate Dead             Necr           N/A          100%        4    #####..
 Fulminant Prism          Conj/Hex       #.........   100%        4    #####..
 Ice Form                 Ice/Tmut       #.......     100%        4    #####..
 Iskenderun's Mystic Bla  Conj/Tloc      #.......     100%        4    #####..
 Petrify                  Tmut/Erth      #.......     100%        4    #####..
 Sticky Flame             Conj/Fire      #.......     100%        4    #####..
 Summon Lightning Spire   Summ/Air       #.......     100%        4    #####..
 Agony                    Necr           #.......     100%        5    ######.
 Alistair's Intoxication  Tmut/Pois      #.......     100%        5    ######.
 Blade Hands              Tmut           #.........   100%        5    ######.
 Bolt of Magma            Conj/Fire/Erth #.........   100%        5    ######.
 Borgnjor's Vile Clutch   Necr/Erth      #.........   100%        5    ######.
 Fireball                 Conj/Fire      #.........   100%        5    ######.
 Irradiate                Conj/Tmut      #.........   100%        5    ######.
 Lee's Rapid Deconstruct  Erth           #.........   100%        5    ######.
 Lightning Bolt           Conj/Air       #.........   100%        5    ######.
 Silence                  Hex/Air        #.........   100%        5    ######.
 Conjure Ball Lightning   Conj/Air       #.........   100%        6    #######
 Darkness                 Hex            #.........   100%        6    #######
 Eringya's Noxious Bog    Tmut/Pois      #.........   100%        6    #######
 Hydra Form               Tmut           #.........   100%        6    #######
 Invisibility             Hex            #.......     100%        6    #######
 Iron Shot                Conj/Erth      #.........   100%        6    #######
 Ozocubu's Refrigeration  Ice            #.........   100%        6    #######
 Shadow Creatures         Summ           N/A          100%        6    #######
 Simulacrum               Ice/Necr       #.........   100%        6    #######
 Statue Form              Tmut/Erth      #........    100%        6    #######
 Dragon Form              Tmut           #.........   100%        7    #######
 Tornado                  Air            #.........   100%        9    #######
 Swiftness                Chrm/Air       Unusable     N/A         2    N/A

Dungeon Overview and Level Annotations

Branches:
Dungeon (15/15)              Lair (6/6) D:8           Swamp (4/4) Lair:3
  Snake (4/4) Lair:4        Slime (0/5) Lair:5          Orc (2/2) D:9
    Elf (0/3) Orc:2        Vaults (5/5) D:13          Crypt (0/3) Vaults:2
 Depths (3/5) D:15        Gauntlet (visited)
 Temple: D:4-7

Altars:
Ashenzari
Cheibriados
Elyvilon
Fedhas
Hepliaklqana
Makhleb
Okawaru
Qazlal
Ru
Sif Muna
Trog
Vehumet
Zin
Beogh

Shops:
D:14 ([[   Orc:1 ?   Orc:2 ?(:[   Snake:4 =}==   Depths:1 =}=:   Depths:2 [

Portals:
Hell: Depths:1 Depths:2 Depths:3
Abyss: Depths:3
Pandemonium: Depths:3
Trove: Vaults:3 (show slimy rune of Zot)

Annotations:
D:9 3 runed translucent doors, kate's ghost, novice FoFi
D:11 exclusion: obsidian statue
Vaults:1 3 runed translucent doors, royokou's ghost, veteran MiFi


Innate Abilities, Weirdness & Mutations

You cannot be hasted, slowed, berserked, paralysed or teleported.
You can dig through walls and to a lower floor.
Your four strong arms can wield two-handed weapons with a shield.
You have a pair of large antennae on your head. (SInv)
Your life essence is reduced to manifest your ancestor. (-10% HP)
You have sharp toenails.
You are clumsy. (Dex -2)
You are dopey. (Int -2)
Your magical capacity is low. (-10% MP)
You passively map a small area around you.
Your spells are a little harder to cast, but a little more powerful.
You expend magic power (3 MP) to strengthen your wands.


Message History

The bolt of magma hits the ynoxinul!!
The ynoxinul dies!
The ufetubus disappears in a puff of smoke! x5
The bolt of magma hits the soul eater!!
Unknown command.
The Executioner closely misses you.
The Executioner hits you but does no damage.
You block the Executioner's attack. The Executioner barely misses you.
You block the Executioner's attack. x3; The Executioner hits you.
* * * LOW HITPOINT WARNING * * *
The Executioner hits you but does no damage.
You feel better. You block the Executioner's attack. x2
The Executioner hits you but does no damage.
The Executioner closely misses you. You block the Executioner's attack. x2
The Executioner hits you but does no damage. x2
The Executioner hits you.
* * * LOW HITPOINT WARNING * * *
The cacodemon gestures at you. The bolt of energy hits you!!
You die...

▓▓.........▓▓
▓▓...........▓▓
▓▓............$▓▓
▓▓.........)..)[∩▓▓
▓.∩........2..(">)▓
▓▓.........R..|?∩▓
▓▓.......22§..[▓▓
▓▓.....231...▓▓
▓▓.....§@§.▓▓
▓▓▓▓▓▓▓▓▓▓▓


You could see a cacodemon, a reaper, an Executioner (fast), a soul eater and a
tormentor.

Vanquished Creatures
  A juggernaut (shapeshifter) (Vaults:5)
  A greater mummy (Zig:5)
  Frederick (Vaults:5)
  Vashnia (Snake:4)
  A golden dragon (Vaults:5)
  A golden dragon (shapeshifter) (Vaults:5)
  A bone dragon (Vaults:2)
  3 liches
  Jorgrun (D:15)
  5 tentacled monstrosities (Vaults:5)
  Asterion (Depths:3)
  A titan (Vaults:5)
  3 shadow dragons (Vaults:5)
  4 thorn hunters
  Kirke (Swamp:1)
  4 sphinxes
  9 tengu reavers
  4 storm dragons
  7 nagarajas (Snake:4)
  3 fire giants (Vaults:5)
  A draconian knight (Zig:6)
  3 frost giants
  3 deep elf sorcerers
  A fire giant (shapeshifter) (Vaults:5)
  12 vault wardens
  10 ironheart preservers
  A deep elf elementalist (Vaults:5)
  An iron dragon (Vaults:5)
  A draconian shifter (Zig:6)
  9 very ugly things
  A draconian annihilator (Zig:6)
  A war gargoyle (Vaults:5)
  7 stone giants
  6 entropy weavers
  A spark wasp (Depths:1)
  4 deep elf demonologists
  A vampire knight (Depths:3)
  A yellow draconian (Zig:6)
  2 deep elf annihilators
  14 ettins
  3 deep elf death magi
  A deep elf high priest (Vaults:5)
  3 fire dragons
  11 yaktaur captains
  Harold (D:7)
  Erolcha (Orc:1)
  5 great orbs of eyes
  2 rakshasas
  5 ice dragons
  28 vault guards
  8 hydras
  5 ghost crabs
  5 anacondas
  7 naga warriors
  A merfolk avatar (Zig:3)
  A quicksilver dragon skeleton (Vaults:5)
  8 centaur warriors
  8 two-headed ogres
  3 dancing weapons
  5 catoblepae
  2 anacondas (shapeshifter) (Vaults:5)
  6 ogre magi
  10 alligators
  3 deep troll shamans (Depths:1)
  A deep troll earth mage (Vaults:3)
  6 death yaks (Lair:6)
  5 tengu warriors
  A death scarab (Zig:5)
  4 shock serpents
  Urug (Lair:5)
  2 spriggan berserkers
  11 naga sharpshooters
  Sonja (Lair:2)
  8 deep elf knights
  2 iron trolls (Depths:1)
  5 fire crabs (Lair:3)
  4 hell knights
  A death drake (shapeshifter) (Vaults:5)
  An unseen horror (D:14)
  2 sea snakes (Zig:3)
  A flayed ghost (Depths:1)
  2 spriggan druids (Swamp:2)
  3 skeletal warriors (D:12)
  15 deep trolls
  7 naga ritualists
  2 swamp dragons (Swamp:2)
  12 ironbrand convokers
  6 phantasmal warriors
  2 spectral hydras (Swamp:4)
  2 wizards (Vaults:3)
  3 harpies (Vaults:4)
  A lindwurm (shapeshifter) (Depths:1)
  3 deep elf archers
  3 orc sorcerers
  3 oklob plants
  4 necromancers
  11 orc knights
  5 mana vipers
  36 ugly things
  11 deep elf magi
  9 salamanders
  2 wolf spiders
  3 manticores
  2 cyclopes
  A centaur zombie (D:13)
  19 naga magi
  17 vault sentinels
  14 black mambas
  2 guardian serpents
  11 elephants
  13 spiny frogs
  4 molten gargoyles (D:14)
  A gargoyle (D:10)
  Maggie (D:7)
  5 spectral swamp worms (Depths:2)
  2 swamp worm zombies (Swamp:4)
  2 freezing wraiths
  A rime drake (Lair:2)
  2 komodo dragons
  An efreet (D:15)
  A tormentor (Zig:4)
  A yaktaur (shapeshifter) (Vaults:3)
  A komodo dragon (shapeshifter) (Vaults:4)
  2 centaur skeletons
  42 yaktaurs
  5 hydra zombies (Swamp:4)
  A yaktaur skeleton (Vaults:5)
  9 trolls
  2 kobold demonologists (D:15)
  2 meliai
  3 guardian mummies (Zig:5)
  A jumping spider (Vaults:2)
  2 tengu conjurers (D:13)
  A hornet (shapeshifter) (D:15)
  A queen bee (Lair:6)
  8 tyrant leeches
  3 hornets
  A harpy skeleton (D:11)
  2 spectral swamp dragons (Swamp:4)
  5 blink frogs
  26 slime creatures
  7 bog bodies
  A hippogriff (shapeshifter) (D:15)
  A frost giant simulacrum (Depths:1)
  3 alligator zombies (Swamp:4)
  10 hippogriffs
  An air elemental (Zig:2)
  A shadow (D:13)
  2 redbacks (Vaults:2)
  5 spriggans
  5 water elementals (Depths:2)
  3 hogs
  3 wraiths
  38 yaks
  A wyvern (Lair:3)
  2 vampires
  A spriggan skeleton (Depths:1)
  2 basilisks
  18 vampire mosquitoes
  16 insubstantial wisps
  32 nagas
  4 wargs
  2 acid dragons
  10 swamp worms
  A soldier ant (D:13)
  A porcupine (shapeshifter) (Vaults:4)
  8 water moccasins
  26 orc warriors
  3 phantoms (Swamp:4)
  A black bear (D:9)
  4 swamp drakes
  4 ice beasts
  6 sky beasts
  2 hornet zombies (D:9)
  A necrophage (D:11)
  17 ogres
  A swamp dragon zombie (Swamp:4)
  13 boggarts
  27 centaurs
  10 crocodiles
  3 big kobolds
  A gnoll sergeant (Orc:1)
  13 bullfrogs
  A wyvern zombie (D:12)
  4 scorpions
  20 killer bees
  A vampire bat (Orc:1)
  5 wights
  3 howler monkeys
  10 jellies
  3 crimson imps
  2 lava snakes (Snake:1)
  A quasit (D:10)
  A bullfrog zombie (D:9)
  8 hounds
  A hound (shapeshifter) (Vaults:5)
  2 iron imps (Zig:4)
  11 orc priests
  18 orc wizards
  A bullfrog skeleton (D:8)
  Natasha (D:2)
  6 iguanas
  5 worker ants
  A hound skeleton (D:7)
  A hound zombie (D:9)
  4 mummies (Zig:5)
  4 adders
  A gnoll (D:1)
  3 shadow imps
  An ufetubus (Depths:3)
  13 oozes (Lair:5)
  2 adder skeletons (D:9)
  3 worms
  3 dart slugs
  4 leopard geckos
  45 orcs
  2 ball pythons
  15 giant cockroaches
  6 goblins
  7 hobgoblins
  14 jackals
  19 kobolds
  2 quokkas
  13 bats
  6 frilled lizards
  A jackal skeleton (D:7)
  3 leopard gecko skeletons
  A leopard gecko zombie (D:5)
  7 rats
  2 briar patches (Swamp:2)
  A bush (D:2)
  A plant (Lair:1)
1282 creatures vanquished.

Vanquished Creatures (collateral kills)
  Sojobo (Depths:2)
  Saint Roka (Depths:3)
  A tentacled monstrosity (Vaults:5)
  A lich (Depths:3)
  2 titans (Vaults:5)
  Gastronok (Lair:3)
  A shadow dragon (Vaults:5)
  A tengu reaver (Depths:3)
  A thorn hunter (Swamp:1)
  Donald (Swamp:2)
  A nagaraja (Snake:4)
  A fire giant (Depths:3)
  A draconian knight (Zig:6)
  A frost giant (Vaults:5)
  3 vault wardens
  A balrug (Zig:7)
  2 deep elf elementalists
  A reaper (Zig:4)
  Aizul (Snake:2)
  5 ironheart preservers
  4 very ugly things
  4 stone giants
  A vampire knight (Depths:3)
  A red draconian (Zig:6)
  A spark wasp (Depths:1)
  2 fire dragons
  4 ettins
  A mummy priest (Zig:5)
  Josephine (Orc:2)
  8 yaktaur captains
  5 great orbs of eyes
  A merfolk impaler (Zig:3)
  6 hydras
  4 ice dragons
  2 rakshasas
  7 naga warriors
  6 vault guards
  2 centaur warriors
  2 anacondas
  A catoblepas (Lair:6)
  11 alligators
  A death knight (Vaults:1)
  A death yak (Lair:6)
  7 two-headed ogres
  3 tengu warriors
  A dancing weapon (Zig:2)
  A deep troll shaman (Depths:2)
  2 deep troll earth magi
  3 ogre magi
  5 naga sharpshooters
  A shock serpent (Snake:1)
  2 deep elf knights
  7 hell knights
  A storm dragon zombie (Depths:1)
  A salamander mystic (Snake:4)
  2 skeletal warriors (Vaults:1)
  An iron troll (Depths:1)
  A shadow wraith (Vaults:5)
  8 deep trolls
  2 flayed ghosts
  2 unseen horrors
  A glowing orange brain (D:15)
  A spectral hydra (Swamp:4)
  5 deep elf archers
  5 naga ritualists
  A spriggan druid (Swamp:4)
  2 harpies (Vaults:4)
  A swamp dragon (Swamp:2)
  4 ironbrand convokers
  A wizard (Depths:1)
  3 deep elf magi (Vaults:3)
  2 necromancers (Depths:3)
  4 orc knights
  2 wolf spiders
  2 oklob plants (Lair:1)
  19 ugly things
  An orc sorcerer (Orc:1)
  3 cyclopes
  A salamander (Snake:4)
  A guardian serpent (Snake:2)
  9 naga magi
  7 vault sentinels
  An elephant (Lair:3)
  An apocalypse crab (Lair:3)
  9 black mambas
  A yaktaur zombie (Depths:1)
  14 yaktaurs
  A centaur skeleton (D:10)
  5 komodo dragons
  7 spiny frogs
  A molten gargoyle (D:14)
  A rime drake (Lair:5)
  4 freezing wraiths
  A spriggan zombie (Zig:4)
  2 swamp worm zombies (Swamp:4)
  A tengu conjurer (Depths:1)
  A meliai (shapeshifter) (Depths:3)
  A merfolk (Zig:3)
  4 meliai
  2 trolls
  2 spectral swamp dragons (Swamp:4)
  5 tyrant leeches
  9 blink frogs
  12 slime creatures
  4 bog bodies
  3 hornets
  5 hippogriffs
  An alligator zombie (Swamp:4)
  A water elemental (Depths:1)
  2 wyverns
  A spriggan (shapeshifter) (D:15)
  A ynoxinul (Zig:7)
  3 shadows
  A flying skull (Zig:5)
  5 wraiths
  3 hogs
  2 spriggans
  A human (D:8)
  A basilisk (Lair:3)
  9 vampire mosquitoes
  27 yaks
  A hungry ghost (D:9)
  4 insubstantial wisps
  3 wargs
  A swamp worm (shapeshifter) (D:15)
  13 nagas
  A swamp worm (Swamp:2)
  A porcupine (Lair:2)
  6 water moccasins
  A swamp drake (Swamp:2)
  A swamp dragon zombie (Swamp:4)
  An eye of draining (D:8)
  23 orc warriors
  A sky beast (D:11)
  A phantom (D:10)
  A black bear (shapeshifter) (D:15)
  2 boggarts
  An ice beast (D:10)
  7 ogres
  10 centaurs
  An ettin simulacrum (Vaults:3)
  4 crocodiles
  A big kobold (D:8)
  3 bullfrogs
  A deep troll simulacrum (Vaults:5)
  2 scorpions
  9 killer bees
  3 wights
  2 electric eels (D:8)
  7 crimson imps
  A centaur zombie (D:5)
  A lava snake (Snake:1)
  2 orc priests
  A hound (D:9)
  3 iguanas
  Natasha (D:2)
  11 orc wizards
  A spectral swamp drake (Swamp:4)
  5 worker ants
  5 adders
  4 shadow imps
  2 oozes (Lair:5)
  A worm (D:2)
  24 orcs
  A giant cockroach (D:3)
  2 hobgoblins (D:3)
  2 jackals
  6 kobolds (D:8)
  2 quokkas
  A ball python (D:2)
  A ball python zombie (D:5)
  6 bats
  A frilled lizard (D:2)
  A rat (D:2)
  2 briar patches (Swamp:2)
  A fungus (Lair:5)
  A plant (Lair:6)
585 creatures vanquished.

Vanquished Creatures (others)
  A lich (Vaults:5)
  A sphinx (Depths:1)
  3 fire giants
  A very ugly thing (Depths:3)
  A spark wasp (Depths:3)
  3 fire dragons
  A rakshasa (Depths:3)
  A two-headed ogre (Vaults:4)
  A glowing orange brain (Depths:3)
  2 deep trolls
  A swamp dragon (Swamp:4)
  A flayed ghost (Depths:1)
  A frost giant zombie (Zig:4)
  2 ugly things (Depths:1)
  A fire giant skeleton (Depths:1)
  A yaktaur (shapeshifter) (Depths:2)
  A hornet (Depths:2)
  A merfolk (Zig:3)
  A slime creature (Depths:1)
  A boggart (Vaults:3)
  An ogre (Depths:3)
  A centaur (Depths:2)
  45 battlemagi
  An orc wizard (Orc:2)
  An orc (Depths:3)
  8 fungi
  4 plants (D:9)
  2 toadstools (D:12)
89 creatures vanquished.

Grand Total: 1956 creatures vanquished

Notes
Turn   | Place    | Note
-------+----------+-------------------------------------------
     0 | D:1      | kate the Formicid Fighter began the quest for the Orb.
     0 | D:1      | Reached XP level 1. HP: 18/18 MP: 1/1
   107 | D:1      | Reached skill level 4 in Shields
   107 | D:1      | Reached XP level 2. HP: 9/24 MP: 2/2
   398 | D:1      | Reached XP level 3. HP: 25/29 MP: 3/3
  1437 | D:2      | Reached XP level 4. HP: 37/37 MP: 4/4
  1492 | D:2      | Found a hazy altar of Hepliaklqana.
  1519 | D:2      | Became a worshipper of Hepliaklqana the Forgotten
  2115 | D:2      | Reached skill level 1 in Stealth
  2129 | D:2      | Reached XP level 5. HP: 36/37 MP: 5/5
  2383 | D:2      | Noticed Natasha
  2399 | D:2      | Killed Natasha
  2576 | D:2      | Noticed Natasha
  2582 | D:2      | Killed Natasha
  3092 | D:3      | Reached * piety under Hepliaklqana
  3464 | D:3      | Reached skill level 1 in Dodging
  3539 | D:3      | Reached skill level 5 in Shields
  3587 | D:3      | Found a radiant altar of Vehumet.
  3708 | D:3      | Noticed a sky beast
  3719 | D:3      | Killed a sky beast
  3719 | D:3      | Reached XP level 6. HP: 38/43 MP: 4/6
  3838 | D:3      | Found a bloodstained altar of Trog.
  4337 | D:4      | Reached skill level 1 in Short Blades
  4423 | D:4      | Noticed an ogre
  4431 | D:4      | Killed an ogre
  4431 | D:4      | Reached XP level 7. HP: 49/49 MP: 7/7
  4821 | D:5      | Entered Level 5 of the Dungeon
  4960 | D:5      | Reached XP level 8. HP: 54/54 MP: 8/8
  5167 | D:5      | Reached skill level 6 in Shields
  5172 | D:5      | Reached ** piety under Hepliaklqana
  5173 | D:5      | Remembered your ancestor Synnove as a battlemage
  5337 | D:5      | You fall into a shaft and drop 2 floors!
  5337 | D:7      | Found a sacrificial altar of Ru.
  5352 | D:7      | Found a blossoming altar of Fedhas.
  5353 | D:7      | Noticed Maggie
  5356 | D:7      | Found a shattered altar of Ashenzari.
  5373 | D:7      | Killed Maggie
  5373 | D:7      | Reached skill level 5 in Short Blades
  5531 | D:7      | Noticed a hippogriff
  5542 | D:7      | Killed a hippogriff
  5542 | D:7      | Reached skill level 1 in Polearms
  5542 | D:7      | Reached skill level 5 in Armour
  5542 | D:7      | Reached XP level 9. HP: 26/60 MP: 5/9
  5545 | D:7      | Reached skill level 5 in Fighting
  5964 | D:7      | Reached skill level 7 in Shields
  6285 | D:7      | Found a glowing silver altar of Zin.
  6338 | D:7      | Noticed Harold
  6351 | D:7      | Killed Harold
  6395 | D:7      | Found a shimmering blue altar of Sif Muna.
  6655 | D:8      | Found an iron altar of Okawaru.
  6672 | D:8      | Reached XP level 10. HP: 66/68 MP: 10/10
  6860 | D:8      | Found a stormy altar of Qazlal.
  6866 | D:8      | Reached skill level 5 in Polearms
  7006 | D:8      | Found a staircase to the Lair.
  7679 | D:8      | Reached skill level 8 in Shields
  7902 | D:8      | Reached *** piety under Hepliaklqana
  8487 | D:9      | Found a runed translucent gate.
  8487 | D:9      | Found a runed translucent gate.
  8487 | D:9      | Noticed a nine-headed hydra
  8487 | D:9      | Noticed kate's ghost (novice FoFi)
  8488 | D:9      | Found a runed translucent gate.
  8511 | D:9      | Found a staircase to the Orcish Mines.
  8524 | D:9      | Reached skill level 5 in Dodging
  8751 | D:9      | Reached XP level 11. HP: 74/74 MP: 11/11
  8820 | D:9      | Found a radiant altar of Vehumet.
  8821 | D:9      | Found a stormy altar of Qazlal.
  8821 | D:9      | Found an iron altar of Okawaru.
  8821 | D:9      | Found a white marble altar of Elyvilon.
  8888 | D:9      | Reached skill level 9 in Shields
  9418 | D:9      | Identified the +0 dire flail "Osopsed" {flame, *Noise rN+
                  | MP+9 Str+2}
  9433 | D:9      | Noticed a green ugly thing
  9441 | D:9      | Killed a green ugly thing
  9567 | D:9      | Found a snail-covered altar of Cheibriados.
  9755 | D:10     | Entered Level 10 of the Dungeon
 10196 | D:10     | Reached skill level 10 in Polearms
 10776 | D:11     | Found a gate leading to a gauntlet.
 10789 | Gauntlet | Entered a Gauntlet
 10789 | Gauntlet | Found a runed translucent door.
 10789 | Gauntlet | Found a transporter.
 10789 | Gauntlet | Found a runed translucent door.
 10789 | Gauntlet | Found a transporter.
 10820 | Gauntlet | Noticed a death ooze
 10829 | Gauntlet | Found a transporter.
 10832 | Gauntlet | Found a transporter.
 10839 | Gauntlet | Noticed a tengu warrior
 10841 | Gauntlet | Found a transporter.
 10843 | Gauntlet | Found a transporter.
 10854 | Gauntlet | Found a transporter.
 10855 | Gauntlet | Noticed an obsidian statue
 10869 | Gauntlet | Found a transporter.
 10869 | Gauntlet | Noticed a dire elephant
 10873 | Gauntlet | Noticed an elephant
 10886 | Gauntlet | Found a transporter.
 10889 | Gauntlet | Found a transporter.
 10889 | Gauntlet | Noticed a worldbinder
 10899 | Gauntlet | Found a transporter.
 10912 | Gauntlet | Found a transporter.
 10996 | Gauntlet | Noticed a swamp dragon
 11122 | Gauntlet | Noticed a shining eye
 11158 | D:11     | Identified Spellcraft in Simple Steps
 11161 | D:11     | Noticed an obsidian statue
 11195 | D:11     | Reached skill level 10 in Shields
 11261 | D:11     | Reached XP level 12. HP: 81/81 MP: 12/12
 11273 | D:11     | Got a pitted cloak
 11284 | D:11     | Identified the +0 cloak of the End {rElec Regen+ Int-3
                  | Dex+4} (You found it on level 11 of the Dungeon)
 11365 | D:11     | Noticed a two-headed ogre
 11382 | D:11     | Killed a two-headed ogre
 11484 | D:11     | Reached **** piety under Hepliaklqana
 11536 | D:11     | Gained mutation: You are surrounded by a mild repulsion
                  | field. (EV +2) [potion of mutation]
 11536 | D:11     | Gained mutation: You are dopey. (Int -2) [potion of
                  | mutation]
 11536 | D:11     | Gained mutation: You possess an exceptional clarity of
                  | mind. [potion of mutation]
 11536 | D:11     | Gained mutation: You are somewhat resistant to further
                  | mutation. [potion of mutation]
 11537 | D:11     | Lost mutation: You possess an exceptional clarity of mind.
                  | [potion of mutation]
 11537 | D:11     | Lost mutation: You are dopey. (Int -2) [potion of mutation]
 11537 | D:11     | Lost mutation: You are surrounded by a mild repulsion
                  | field. (EV +2) [potion of mutation]
 11537 | D:11     | Lost mutation: You are somewhat resistant to further
                  | mutation. [potion of mutation]
 11537 | D:11     | Gained mutation: You are frail. (-10% HP) [potion of
                  | mutation]
 11537 | D:11     | Gained mutation: You have a somewhat thin skeletal
                  | structure. (Dex +2, Stealth) [potion of mutation]
 11537 | D:11     | Gained mutation: You expend magic power (3 MP) to
                  | strengthen your wands. [potion of mutation]
 11537 | D:11     | Gained mutation: You passively map a small area around you.
                  | [potion of mutation]
 11691 | D:11     | Got a transparent platinum ring
 11692 | D:11     | Noticed a soul eater
 11692 | D:11     | Noticed a sun demon
 11704 | D:11     | HP: 3/72 [soul eater/drain life[an obsidian statue] (8)]
 11793 | D:11     | Identified the ring "Heonewit" {MR+ Str+6 Stlth+} (You
                  | found it on level 11 of the Dungeon)
 11898 | D:12     | Noticed a skeletal warrior
 11899 | D:12     | Noticed a skeletal warrior
 11958 | D:12     | Killed a skeletal warrior
 11962 | D:12     | Killed a skeletal warrior
 11987 | D:12     | Noticed a skeletal warrior
 11991 | D:12     | Killed a skeletal warrior
 11991 | D:12     | Reached skill level 11 in Shields
 12628 | D:13     | Noticed a centaur warrior
 12629 | D:13     | Noticed a centaur warrior
 12630 | D:13     | Noticed a +5 long sword
 12633 | D:13     | Noticed a +9 long sword
 12638 | D:13     | Killed a centaur warrior
 12658 | D:13     | Killed a +5 long sword
 12664 | D:13     | Killed a centaur warrior
 12669 | D:13     | Reached XP level 13. HP: 22/78 MP: 1/13
 12796 | D:13     | Found a gate to the Vaults.
 12870 | D:13     | Reached skill level 12 in Shields
 13416 | D:15     | Entered Level 15 of the Dungeon
 13417 | D:15     | Noticed a centaur warrior
 13702 | D:14     | Found Lahuhigh's Antique Weapon Boutique.
 13706 | D:14     | Found Ricul's Armour Emporium.
 13908 | D:14     | Found Zapepiso's Armour Emporium.
 13911 | D:14     | Noticed a four-headed hydra
 13924 | D:14     | Killed a six-headed hydra
 14449 | D:14     | Reached ***** piety under Hepliaklqana
 14613 | D:15     | Noticed a fire dragon
 14614 | D:15     | Reached skill level 1 in Throwing
 14698 | D:14     | Reached XP level 14. HP: 84/86 MP: 12/14
 14810 | D:14     | Reached skill level 13 in Shields
 14969 | D:15     | Reached skill level 5 in Stealth
 14969 | D:15     | Reached skill level 1 in Unarmed Combat
 14969 | D:15     | Reached skill level 1 in Spellcasting
 14969 | D:15     | Reached skill level 1 in Evocations
 14969 | D:15     | Reached XP level 15. HP: 91/91 MP: 14/17
 15132 | D:15     | Found a staircase to the Depths.
 15218 | D:15     | Reached skill level 10 in Armour
 15442 | D:15     | Noticed Jorgrun
 15464 | D:15     | Killed Jorgrun
 15464 | D:15     | Reached skill level 10 in Fighting
 15978 | Orc:1    | Entered Level 1 of the Orcish Mines
 16008 | Orc:1    | Noticed Erolcha
 16010 | Orc:1    | Found a roughly hewn altar of Beogh.
 16015 | Orc:1    | Killed Erolcha
 16285 | Orc:1    | Found Voone's Magic Scroll Shoppe.
 16297 | Orc:1    | Bought a scroll of identify for 32 gold pieces
 16297 | Orc:1    | Bought a scroll of identify for 32 gold pieces
 16297 | Orc:1    | Bought a scroll of identify for 32 gold pieces
 16297 | Orc:1    | Bought a scroll of holy word for 120 gold pieces
 16297 | Orc:1    | Bought a scroll of enchant armour for 120 gold pieces
 16415 | Orc:2    | Entered Level 2 of the Orcish Mines
 16538 | Orc:2    | Found a staircase to the Elven Halls.
 17310 | Orc:2    | Reached skill level 14 in Shields
 17395 | Orc:2    | Noticed Josephine
 17401 | Orc:2    | Killed Josephine
 17401 | Orc:2    | Reached skill level 15 in Polearms
 17507 | Orc:2    | Found a roughly hewn altar of Beogh.
 17755 | Orc:2    | Found Esugan's Weapon Shoppe.
 17755 | Orc:2    | Found Hafuyvuv's Book Boutique.
 17757 | Orc:2    | Found Voih's Antique Armour Shop.
 17759 | Orc:2    | Found Inukel's Magic Scroll Emporium.
 17771 | Orc:2    | Bought a scroll of identify for 36 gold pieces
 17771 | Orc:2    | Bought a scroll of summoning for 171 gold pieces
 18128 | Lair:1   | Entered Level 1 of the Lair of Beasts
 18914 | Lair:2   | Noticed Sonja
 18919 | Lair:2   | Cast into level 2 of the Abyss (Sonja)
 18939 | Lair:2   | Escaped the Abyss
 18948 | Lair:2   | Killed Sonja
 19155 | Lair:1   | Reached XP level 16. HP: 97/99 MP: 18/18
 19248 | Lair:2   | Reached ****** piety under Hepliaklqana
 19439 | Lair:2   | Found a shimmering blue altar of Sif Muna.
 19976 | Lair:3   | Noticed Gastronok
 19989 | Lair:3   | Killed Gastronok
 19989 | Lair:3   | Reached skill level 15 in Shields
 20030 | Lair:3   | Identified a scroll of acquirement
 20030 | Lair:3   | Acquired 570 gold pieces
 20233 | Lair:3   | Found a runed translucent door.
 20544 | Lair:3   | Found a staircase to the Swamp.
 21695 | Lair:4   | Found a staircase to the Snake Pit.
 22227 | Lair:5   | Found a staircase to the Slime Pits.
 22721 | Lair:5   | Noticed Urug
 22727 | Lair:5   | Killed Urug
 23092 | Lair:6   | Entered Level 6 of the Lair of Beasts
 23158 | Lair:6   | Reached XP level 17. HP: 106/106 MP: 19/19
 23171 | Lair:6   | Reached skill level 16 in Shields
 24878 | Snake:1  | Entered Level 1 of the Snake Pit
 25866 | Snake:2  | Found a burning altar of Makhleb.
 26083 | Snake:2  | Reached skill level 17 in Shields
 26261 | Snake:2  | Reached XP level 18. HP: 97/113 MP: 16/20
 26367 | Snake:2  | Noticed Aizul
 26384 | Snake:2  | Killed Aizul
 28039 | Snake:4  | Entered Level 4 of the Snake Pit
 28145 | Snake:4  | Found Anar's Jewellery Shop.
 28153 | Snake:4  | Found Veci's Gadget Emporium.
 28156 | Snake:4  | Found Feoged's Jewellery Shop.
 28166 | Snake:4  | Bought the ring of Trepidation {+Blink rF- Int+7 Slay+4
                  | SInv} for 1232 gold pieces
 28927 | Snake:4  | Noticed Vashnia
 29424 | Snake:4  | Killed Vashnia
 29424 | Snake:4  | Reached skill level 18 in Shields
 29724 | Snake:4  | Reached XP level 19. HP: 110/119 MP: 19/21
 29982 | Snake:4  | Got a serpentine rune of Zot
 30205 | Snake:4  | Found Ahaadibi's Jewellery Shop.
 30631 | Snake:1  | Got an ancient hand axe
 30632 | Snake:1  | Identified the +1 hand axe "Qoixeath" {vorpal, MP+9 SInv}
                  | (You found it on level 1 of the Snake Pit)
 30764 | Swamp:1  | Entered Level 1 of the Swamp
 31202 | Swamp:1  | Noticed Kirke
 31214 | Swamp:1  | Killed Kirke
 31273 | Swamp:1  | Found a transporter.
 31344 | Swamp:1  | Found a transporter.
 32744 | Swamp:2  | Noticed Donald
 32752 | Swamp:2  | Killed Donald
 33357 | Swamp:3  | Reached skill level 19 in Shields
 33456 | Swamp:3  | Reached XP level 20. HP: 89/127 MP: 14/22
 34001 | Swamp:4  | Entered Level 4 of the Swamp
 35151 | Swamp:4  | Got a decaying rune of Zot
 35682 | Vaults:1 | Entered Level 1 of the Vaults
 35730 | Vaults:1 | Got a polished hand axe
 35732 | Vaults:1 | Identified the +0 hand axe "Huowaeph" {flame, *Contam rElec
                  | rF++ SInv} (You found it on level 1 of the Vaults)
 35764 | Vaults:1 | Gained mutation: Your body sometimes deteriorates upon
                  | taking damage. [mutagenic glow]
 35853 | Vaults:1 | Found a runed translucent gate.
 35853 | Vaults:1 | Found a runed translucent gate.
 35853 | Vaults:1 | Found a runed translucent gate.
 35853 | Vaults:1 | Identified the +1 plate armour "Pon Ytho" {rElec rF+
                  | Stlth+}
 35853 | Vaults:1 | Identified the +4 kite shield of Mutualism {+Blink Slay+2}
 35853 | Vaults:1 | Identified the +8 chain mail of the Catamount {Dex+4}
 35853 | Vaults:1 | Identified the +1 kite shield of the Ecumenical Temple
                  | {+Blink}
 35854 | Vaults:1 | Noticed royokou's ghost (veteran MiFi)
 35857 | Vaults:1 | Found a roughly hewn altar of Beogh.
 35957 | Vaults:1 | Got a faintly glowing arbalest
 35966 | Vaults:1 | Identified the +4 arbalest "Uweberchi" {vorpal, rF+} (You
                  | found it on level 1 of the Vaults)
 36816 | Vaults:1 | Reached skill level 20 in Shields
 37404 | Vaults:2 | Reached XP level 21. HP: 133/133 MP: 23/23
 37601 | Vaults:2 | Noticed a bone dragon
 37602 | Vaults:2 | Found a staircase to the Crypt.
 37611 | Vaults:2 | Killed a bone dragon
 37611 | Vaults:2 | Reached skill level 15 in Fighting
 39198 | Vaults:3 | Found a portal to a secret trove of treasure.
 39335 | Vaults:3 | Identified the cursed +3 hand axe of Muoruuj {vorpal, MR+}
 39620 | Vaults:3 | Reached skill level 21 in Shields
 39957 | Vaults:3 | Gained mutation: Scrolls take you a little longer to read.
                  | [a neqoxec]
 40032 | Vaults:3 | Reached XP level 22. HP: 90/141 MP: 16/24
 42067 | Vaults:4 | Reached skill level 22 in Shields
 42283 | Vaults:5 | Entered Level 5 of the Vaults
 42576 | Vaults:5 | Reached XP level 23. HP: 97/148 MP: 22/25
 42596 | Vaults:5 | Reached skill level 15 in Armour
 42629 | Vaults:5 | Noticed a golden dragon
 42630 | Vaults:5 | Reached skill level 23 in Shields
 42640 | Vaults:5 | Killed a golden dragon
 42648 | Vaults:5 | Noticed Frederick
 42689 | Vaults:5 | Killed Frederick
 42744 | Vaults:5 | Reached skill level 5 in Throwing
 42831 | Vaults:5 | Identified the cursed +0 arbalest "Pegry" {elec, Int+4
                  | Stlth+}
 42873 | Vaults:5 | Reached XP level 24. HP: 45/156 MP: 25/25
 43026 | Vaults:5 | Noticed a juggernaut
 43026 | Vaults:5 | a titan changed into a juggernaut
 43033 | Vaults:5 | Killed a juggernaut
 43751 | Vaults:5 | Reached skill level 10 in Stealth
 43928 | Vaults:5 | Noticed a golden dragon
 43928 | Vaults:5 | a golden dragon changed into an iron dragon
 43935 | Vaults:5 | Noticed a caustic shrike
 43935 | Vaults:5 | an iron giant changed into a caustic shrike
 43937 | Vaults:5 | a caustic shrike changed into an iron giant
 43942 | Vaults:5 | Noticed a caustic shrike
 43942 | Vaults:5 | an iron giant changed into a caustic shrike
 43943 | Vaults:5 | Noticed a golden dragon
 43943 | Vaults:5 | a caustic shrike changed into a golden dragon
 43947 | Vaults:5 | Killed a golden dragon
 44239 | Vaults:5 | Got a silver rune of Zot
 44384 | Vaults:5 | Got a pair of heavily runed boots
 44395 | Vaults:5 | Identified the +2 pair of boots of Valour {Regen+ rCorr}
                  | (You found it on level 5 of the Vaults)
 44957 | Depths:1 | Entered Level 1 of the Depths
 45093 | Depths:1 | Found Pazeb's Book Shoppe.
 45094 | Depths:1 | Found Wullelen's Jewellery Shoppe.
 45094 | Depths:1 | Found Ozxyxea's Gadget Emporium.
 45097 | Depths:1 | Found Achefiar's Jewellery Emporium.
 45107 | Depths:1 | Reached skill level 24 in Shields
 45138 | Depths:1 | Bought the ring of Gurph {+Fly Str+4 Int+6} for 1520 gold
                  | pieces
 45153 | Depths:1 | Found a gateway to Hell.
 45939 | Depths:1 | Reached XP level 25. HP: 134/163 MP: 25/25
 47461 | Depths:2 | Found Arhoak Toge's Antique Armour Shoppe.
 47793 | Depths:3 | Found a one-way gate leading to the halls of Pandemonium.
 47935 | Depths:3 | Noticed Asterion
 47942 | Depths:3 | Killed Asterion
 48002 | Depths:3 | Noticed Sojobo
 48225 | Depths:2 | Killed Sojobo
 48317 | Depths:3 | Reached skill level 25 in Shields
 48371 | Depths:3 | Noticed Saint Roka
 48394 | Depths:3 | Noticed a caustic shrike
 48652 | Depths:3 | Banished a caustic shrike
 48839 | Depths:3 | Found a one-way gate to the infinite horrors of the Abyss.
 48859 | Depths:3 | Reached XP level 26. HP: 159/170 MP: 25/25
 49224 | Depths:3 | Identified the Grimoire of Feathers
 49491 | Depths:3 | Killed Saint Roka
 49557 | Depths:3 | Found a gateway to a ziggurat.
 49575 | Zig:1    | Entered Level 1 of a ziggurat
 49601 | Zig:2    | Entered Level 2 of a ziggurat
 49649 | Zig:3    | Entered Level 3 of a ziggurat
 49697 | Zig:4    | Entered Level 4 of a ziggurat
 49784 | Zig:4    | Identified Inoc's Grimoire of Flamy Snow
 49822 | Zig:5    | Entered Level 5 of a ziggurat
 49826 | Zig:5    | Noticed a greater mummy
 49848 | Zig:5    | Killed a greater mummy
 50008 | Zig:6    | Entered Level 6 of a ziggurat
 50051 | Zig:6    | Identified the Tome of Transformation and the Rocks
 50061 | Zig:6    | Lost mutation: Your body sometimes deteriorates upon taking
                  | damage. [potion of mutation]
 50061 | Zig:6    | Lost mutation: You are frail. (-10% HP) [potion of
                  | mutation]
 50061 | Zig:6    | Lost mutation: Scrolls take you a little longer to read.
                  | [potion of mutation]
 50061 | Zig:6    | Lost mutation: You have a somewhat thin skeletal structure.
                  | (Dex +2, Stealth) [potion of mutation]
 50061 | Zig:6    | Gained mutation: Your magical capacity is low. (-10% MP)
                  | [potion of mutation]
 50061 | Zig:6    | Gained mutation: Your spells are a little harder to cast,
                  | but a little more powerful. [potion of mutation]
 50061 | Zig:6    | Gained mutation: You are clumsy. (Dex -2) [potion of
                  | mutation]
 50061 | Zig:6    | Gained mutation: You have sharp toenails. [potion of
                  | mutation]
 50181 | Zig:7    | Entered Level 7 of a ziggurat
 50187 | Zig:7    | Noticed Xytuen the pandemonium lord
 50190 | Zig:7    | Gained mutation: You are dopey. (Int -2) [a cacodemon]
 50196 | Zig:7    | HP: 4/191 [reaper/+5 scythe of distortion (15)]
 50200 | Zig:7    | Blown up by a cacodemon

Illustrated notes

Levels and vault maps discovered:
D:1:      scummos_arrival_hexagon, layout_basic
D:2:      layout_basic, overflow_temple_1_default, serial_forest,
          infiniplex_forest_end_1, infiniplex_forest_straight_4,
          infiniplex_forest_zigzag_1, infiniplex_forest_straight_4,
          infiniplex_forest_clump_small, infiniplex_forest_lined_room_2,
          infiniplex_forest_lined_room_2, infiniplex_forest_end_1,
          infiniplex_forest_split, minmay_box_of_dots, uniq_natasha
D:3:      minmay_roachtagon, layout_basic, lemuel_coloured_pillars_altar,
          kennysheep_big_empty_room, trog_three_pillars_becter
D:4:      layout_basic, first_ration
D:5:      layout_loops_cross, minmay_misc_feat_four_crosses,
          minmay_fractal_squares_5
D:7:      layout_basic, kennysheep_mini_moat, minmay_overflow_temple_star_quad,
          basic_altar, uniq_maggie, uniq_harold
D:8:      layout_gridville, lemuel_crystal_altar, okawaru_ov_weapons_minmay,
          lair_entry_dummy, serial_rivers, chequers_serial_rivers_large_a,
          chequers_serial_rivers_micro_c, chequers_serial_rivers_micro_b,
          chequers_serial_rivers_micro_d, chequers_serial_rivers_small_a,
          chequers_serial_rivers_room_a, grunt_livestock, st_stairs_11,
          fungi_pond_lemuel
D:9:      minmay_the_grid_octo_tiled_octocenter [minmay_the_grid_octo_shrine,
          minmay_the_grid_octo_checkered, minmay_the_grid_octo_thin_diamonds,
          minmay_the_grid_octo_clover_2,
          minmay_the_grid_octo_prize_single_spiral,
          minmay_the_grid_square_5x5_beaten_path,
          minmay_the_grid_square_5x5_eight_small,
          minmay_the_grid_square_5x5_one_wall,
          minmay_the_grid_square_5x5_hourglass], layout_small_grid,
          slow_altar_2, david_orc_3, gammafunk_ghost_hydra_chop
D:10:     layout_gridville
D:11:     layout_gridville, gauntlet_entry_generic, minmay_protected_statue
D:12:     layout_basic, minmay_gold_behind_fungi
D:13:     layout_roguey, erik_vaults_1
D:14:     cheibrodos_statue_roulette, layout_basic, serial_shops, shop, shop,
          shop
D:15:     gammafunk_enter_depths_forms, layout_rooms, palyth_stone_intersect,
          uniq_jorgrun
Lair:1:   layout_roguey, minmay_lair_oklob_chamber
Lair:2:   layout_cave_pods, basic_altar, minivault_25, uniq_sonja
Lair:3:   gammafunk_mikee_crab_dinner, layout_chaotic_city,
          skrybe_swamp_entry_bodies, uniq_gastronok
Lair:4:   layout_gridlike, minmay_snake_entry_guardpost_large
Lair:5:   lemuel_slime, layout_cave_pods, nicolae_slime_entry_slimehenge,
          uniq_urug
Lair:6:   evilmike_catoblepas_cave, layout_loops_ring, special_room
          [special_room_bee], nicolae_quartered_pool_super, lemuel_fruit_tree
Swamp:1:  gammafunk_the_bubble [the_bubble_gammafunk_grid], layout_basic_swamp,
          nicolae_swamp_trees_clearing, uniq_kirke
Swamp:2:  layout_falls_marsh, hangedman_swamp_ruin_wall, uniq_donald
Swamp:3:  layout_basic_swamp, serial_swamp_ruin, evilmike_swamp_ruin_rubble_2,
          evilmike_swamp_ruin_wall, evilmike_swamp_ruin_house_1
Swamp:4:  swamp_pestilence, layout_basic_swamp, swamp_pool2
Snake:1:  layout_grid_shapes, nicolae_snake_lava_pool
Snake:2:  layout_honeycomb, nicolae_snake_double_loop, lemuel_oklob_altar,
          uniq_aizul
Snake:3:  layout_onion
Snake:4:  snake_pit, layout_misc_corridors, serial_shops, shop,
          minmay_shop_grove, uniq_vashnia
Orc:1:    layout_diamond_mine, basic_altar, serial_shops,
          nicolae_shop_waterfront, roderic_batcave, sword_in_stone, uniq_erolcha
Orc:2:    st_orc_rangers, layout_diamond_mine, basic_altar, uniq_josephine
Vaults:1: biasface_vaults_ghost_orc_armoury, v_alt_pattern_2,
          nicolae_vaults_yaktaur_gun_rack, vaults_dpeg_diagonal,
          nicolae_vaults_network_quincunx
          [nicolae_vaults_network_quincunx_subvault,
          nicolae_vaults_network_quincunx_subvault,
          nicolae_vaults_network_quincunx_subvault,
          nicolae_vaults_network_quincunx_subvault,
          nicolae_vaults_network_quincunx_subvault], nicolae_vaults_meeting,
          v_misc_27, nicolae_vaults_three_branches,
          nicolae_vaults_mini_display_case, vaults_dpeg_ring,
          layout_vaults_omnibox
Vaults:2: minmay_crypt_entry_nasty_monster, nicolae_vaults_big_ls,
          vaults_room_pool, vaults_mumra_hex, nicolae_vaults_disjoint_gnomons,
          ontoclasm_vaults_bender, layout_vaults_maze_bifur
Vaults:3: vaults_room_door_hall, v_misc_10, vaults_mumra_minichess, v_pattern_2,
          ontoclasm_vaults_ring_small, vaults_room_stairs_pillars,
          layout_vaults_omnigrid, enter_trove_6
Vaults:4: st_lines, hangedman_vaults_slice, v_misc_16,
          hangedman_vaults_corner_blocks, nicolae_vaults_little_ls, v_misc_32,
          nicolae_vaults_little_squares_5, hangedman_vaults_slice,
          ontoclasm_vaults_fault, grunt_vaults_hallway_long, v_alt_pattern_2,
          layout_vaults_big_cross
Vaults:5: uniq_frederick
Depths:1: layout_gridlike, grunt_metal_band, minmay_misc_feat_columns,
          kennysheep_potato, serial_bayou_shore_b, minmay_shoptagon
Depths:2: grunt_bruiser_brothers, layout_cave_pools, serial_shops, shop,
          pf_hell_entry_tar_river, kennysheep_path_1
Depths:3: nicolae_legendary_halls, layout_basic, enter_ziggurat_b,
          infiniplex_enter_wizlab_spiral, rand_demon_pan_entry_3, abyss_entry,
          hell_entry, uniq_asterion, uniq_saint_roka, uniq_sojobo
Zig:7

Skill      XL: |  1  2  3  4  5  6  7  8  9 10 11 12 13 14 15 16 17 18 19 20 21 22 23 24 25 26 |
---------------+-------------------------------------------------------------------------------+-----
Shields        | 4 5 6 7 8 10 11 12 13 14 15 17 18 19 20 21 22 23 24 25 | 25.4
Stealth        | 1 2 3 4 5 6 7 8 9 10 | 10.5
Fighting       | 4 5 6 7 8 9 10 11 12 13 14 15 16 17 18 | 18.7
Long Blades    | 3 4 |  4.2
Dodging        | 1 2 3 4 5 6 |  6.9
Armour         | 4 5 6 7 8 9 10 11 12 13 14 15 16 | 16.1
Short Blades   | 1 3 5 |  5.5
Polearms       | 1 4 8 10 12 13 14 15 16 17 18 19 20 21 22 23 | 23.2
Throwing       | 1 2 4 5 6 |  6.9
Maces & Flails | 2 |  2.3
Unarmed Combat | 1 |  1.4
Spellcasting   | 1 |  1.8
Invocations    | 2 3 |  3.6
Evocations     | 1 2 3 4 |  4.1

Action                   |  1- 3 |  4- 6 |  7- 9 | 10-12 | 13-15 | 16-18 | 19-21 | 22-24 | 25-27 || total
-------------------------+-------+-------+-------+-------+-------+-------+-------+-------+-------++-------
Melee: Long sword        |    83 |   150 |       |       |       |       |       |       |       ||   233
       Short sword       |       |    71 |   139 |       |       |       |       |       |       ||   210
       Glaive            |       |       |    73 |   477 |   552 |   913 |  1113 |   576 |       ||  3704
       Bardiche          |       |       |       |       |       |       |       |   133 |   422 ||   555
 Fire: Arbalest          |       |       |       |       |       |       |     1 |       |       ||     1
Throw: Dart              |       |     1 |       |     2 |     7 |       |       |    37 |    14 ||    61
       Boomerang         |       |       |       |       |     2 |    47 |       |       |       ||    49
       Javelin           |       |       |       |       |       |       |    17 |       |       ||    17
Invok: Recall Ancestor   |       |       |     1 |       |       |     2 |     1 |       |     2 ||     6
       Ancestor Life: Ba |       |       |     1 |       |       |       |       |       |       ||     1
       Idealise          |       |       |       |       |       |       |     1 |     1 |       ||     2
 Abil: Dig               |       |       |       |       |     3 |       |     1 |       |       ||     4
       Evoke Flight      |       |       |       |       |       |       |       |       |     1 ||     1
Evoke: Wand              |       |       |       |     3 |     1 |     2 |     3 |     8 |    11 ||    28
       Lightning rod     |       |       |       |       |       |       |       |     1 |     1 ||     2
       Box of beasts     |       |       |       |       |       |       |       |       |     2 ||     2
  Use: Scroll            |       |     8 |     5 |    10 |    15 |     9 |     7 |     6 |     2 ||    62
       Potion            |       |       |     1 |     4 |     2 |     2 |     6 |    15 |    12 ||    42
 Stab: Distracted        |       |       |       |     5 |     3 |    19 |    25 |    11 |     5 ||    68
       Petrifying        |       |       |       |       |       |     1 |       |       |       ||     1
       Invisible         |       |       |       |       |       |       |     4 |     1 |       ||     5
       Sleeping          |       |       |       |       |       |       |       |     1 |     1 ||     2
  Eat: Chunk             |     1 |    11 |     7 |    21 |    15 |    24 |    24 |    16 |    13 ||   132
       Ration            |       |       |       |       |     2 |     3 |     3 |     1 |       ||     9
Armor: Scale mail        |    66 |    72 |    50 |       |       |       |       |       |       ||   188
       Acid dragon scale |       |       |    17 |       |       |       |       |       |       ||    17
       Plate armour      |       |       |     8 |   303 |   327 |   482 |   437 |   227 |   177 ||  1961
Dodge: Dodged            |    55 |    45 |    90 |   177 |   217 |   321 |   290 |   166 |   145 ||  1506
Block: Kite shield       |    91 |    99 |   117 |   355 |   541 |   924 |  1029 |   767 |   686 ||  4609
       Reflection        |       |       |       |       |       |       |       |    50 |    65 ||   115
       Rpst.: Long sword |    14 |     8 |       |       |       |       |       |       |       ||    22
